cohdb
Replays
Latest Replays
All Replays
Popular Replays
Top Player Replays
Match Explorer
How It Works
Community
CoH3 Stats
Reddit
Sign in to upload your games and track your stats! →
Sign in with Steam
Match 41195348
Unlisted
Match 41195348
Overview
Messages
Build Orders
End
Scout Squad
Construct Barracks
Selects Heavy Weapons
Riflemen Squad
Riflemen Squad
Construct Weapon Support Center
Selects M2HB .50cal Heavy Machine Gun
M1919 Machine Gun Team
Air Support Center
Grasshopper Recon Run
M3 Armored Personnel Carrier
Selects Assault Carriers
M1918 Browning Automatic Rifles
Riflemen Squad
Engineer Squad
P-47 Strafing Run
M3 Assault Carrier
Grenade Package
P-47 Strafing Run
Selects Exchangeable Parts
P-47 Dive Bomb
Construct Tank Depot
Grasshopper Recon Run
M18 Hellcat Tank Destroyer
P-47 Strafing Run
M1919 Machine Gun Team
M18 Hellcat Tank Destroyer
P-47 Strafing Run
P-47 Dive Bomb
Double Sortie
Grasshopper Recon Run
Selects M26 Pershing Heavy Tank
P-47 Strafing Run
Grasshopper Recon Run
P-47 Dive Bomb
M26 Pershing Heavy Tank
Air Supremacy
Selects Gallant Stand
Grasshopper Recon Run
Grasshopper Recon Run
P-47 Dive Bomb
Selects Black Dragon Artillery Barrage
M26 Pershing Heavy Tank
P-47 Strafing Run
M18 Hellcat Tank Destroyer
P-47 Strafing Run
P-47 Dive Bomb
M18 Hellcat Tank Destroyer
P-47 Strafing Run
Grasshopper Recon Run
P-47 Dive Bomb
M18 Hellcat Tank Destroyer
M3 Assault Carrier
P-47 Dive Bomb
Engineer Squad
Grasshopper Recon Run
P-47 Strafing Run
WЇЌĭήğ§* ★assasin
[PD]No_Option
Born to Coom
goatboy
Mustache and Melons
Ecitsd
0
0
Comments
sign in to comment!
No comments posted yet!